← All builds
Suicide front / Armada / Economy first / OBSERVED BUILD

Mace bot assault

Armada Suicide front build order · Supreme Isthmus

An economy-first start rushes Mace out of the Bot Lab from around 2:02, well ahead of the role's norm, to push a stronger bot assault into the middle before shifting to the usual mixed army.

#rush #push · 108 distinct matches · 30 players · 3% of Armada Suicide front games · team won 53% of 110 · Recently observed

THE CATCH, AND WHAT COMES WITH IT
  • MaceT1 bot assault from 2:02 · 11% of role by thenFrom the Bot Lab. Only 11% of Suicide front games have it by then; others who build it get it around 2:10
  • MaceMace in 85%5% of all Suicide front games by then

Where those units first fight, in 110 games with kill data: in the middle 98%.

Those units destroy a typical 2,880 metal of enemy units by 15:00.

Then transitions into rocketeer (8% of army).

HOW TO PLAY IT

Key timing: Mace by 2:03

  1. Open single mex straight into Bot Lab by 0:44.
  2. Grab more mex and wind while lab keeps producing.
  3. Push Mace-led bot assault into middle ahead of schedule.
  4. Keep reinforcing with Mace, add Centurion for anti-swarm.
  5. Transition into usual Centurion/Blitz mix with T2 cons.

Phase by phase

TYPICAL OF ITS 108 GAMES · AGAINST STANDARD SUICIDE FRONT
  1. 1
  2. 2
  3. 3
  4. 4
PLAY THE OPENING

Follow the example game's first 6:00 step by step: what to build now, what comes next, and where it goes. At 1× it keeps pace with your own game.

  1. 1

    Up to the Bot Lab

    Economy
    • Metal Extractor2Mex
    Order
    1. Bot LabBot Lab after 2 mexdone ~0:42, middle half 0:27–0:58

    Some games also: Sentry (33%)

    By 0:25 in all: 2 mex

    The example game in this phase · 2 steps
    1. Mex
    2. Bot LabBot Labdone 0:26 · typical 0:42
  2. 2

    Bot Lab to T1 bot assault

    Economy
    • Metal Extractor2Mex
    Order
    1. MaceT1 bot assault after 3 mex, 1 wind
    Builders
    • Construction Bot2 Con bot
    • Lazarus2 Lazarus
    Army
    • Sentry1 Sentry
    • Centurion1 Centurion

    Some games also: wind (43%) · Radar Tower (42%) · tick (35%)

    By 2:02 in all: 3 mex · 1 wind

    The example game in this phase · 2 steps
    1. Construction BotCon bot
    2. MaceMacedone 0:54
  3. 3

    T1 bot assault to 5:00

    Economy
    • Metal Extractor2Mex
    • Wind Turbine5Wind+2 vs standard
    Builders
    • Construction Bot1 Con bot
    • Lazarus1 Lazarus
    Army
    • Sentry2 Sentry
    • Mace11 Mace +11 vs standard

    Some games also: Radar Tower (45%) · con turret (44%) · Beamer (43%)

    The standard build makes here, this one skips: 15 rocketeer

    By 5:00 in all: 5 mex · 6 wind (standard 4)

    The example game in this phase · 21 steps
    1. SentrySentry
    2. MaceMace
    3. Mex
    4. MaceMace ×2
    5. BeamerBeamer
    6. MaceMace
    7. Mex
    8. LazarusLazarus
    9. Construction BotCon bot
    10. OverwatchOverwatch
    11. MaceMace
    12. Mex
    13. RocketeerRocketeer ×4
    14. Radar TowerRadar Tower
    15. SentrySentry
    16. RocketeerRocketeer
    17. BeamerBeamer
    18. LazarusLazarus
    19. Mex
    20. Con turret
    21. MaceMace ×2
  4. 4

    5:00 to 10:00

    Economy
    • Metal Extractor1Mex
    • Wind Turbine16Wind
    Builders
    • Construction Turret2 Con turret
    • Lazarus3 Lazarus
    Army
    • Mace12 Mace +12 vs standard

    Some games also: con bot (38%) · Sentry (35%) · rocketeer (34%) · Radar Tower (34%) · Beamer (33%)

    The standard build makes here, this one skips: 8 rocketeer

    By 10:00 in all: 6 mex · 21 wind · 2 con turret

    The example game in this phase · 65 steps
    1. MaceMace
    2. GauntletGauntletdone 6:28
    3. MaceMace ×2
    4. Wind
    5. MaceMace
    6. Wind
    7. MaceMace ×2
    8. Wind
    9. MaceMace
    10. Wind
    11. Sneaky PeteSneaky Pete
    12. MaceMace
    13. Con turret
    14. MaceMace
    15. TickTick ×8
    16. Con turret
    17. TickTick ×2
    18. Wind
    19. TickTick ×2
    20. Wind
    21. TickTick
    22. Wind
    23. TickTick
    24. BeamerBeamer
    25. TickTick
    26. Wind
    27. TickTick
    28. Con turret
    29. TickTick ×3
    30. Mex
    31. TickTick
    32. Wind
    33. TickTick
    34. Wind
    35. TickTick ×4
    36. GauntletGauntlet
    37. TickTick ×4
    38. Advanced solar
    39. TickTick ×2
    40. Advanced solar
    41. TickTick ×5
    42. Advanced Bot LabAdvanced Bot Labdone 12:03
    43. TickTick ×5
    44. Bot LabEat Bot Labreclaimed for its metal
    45. GhostGhost
    46. Wind
    47. Advanced Construction BotT2 con bot
    48. Wind
    49. Radar TowerRadar Tower
    50. Wind
    51. HoundHound
    52. Wind ×2
    53. Advanced Metal ExtractorT2 mexdone 13:47 · typical 10:25
    54. HoundHound
    55. Con turret
    56. Converter
    57. HoundHound
    58. Converter
    59. Advanced Metal ExtractorT2 mex
    60. HoundHound
    61. Converter
    62. UmbrellaAnti-nukenot finished by 15:00
    63. Converter
    64. Advanced Metal ExtractorT2 mex
    65. Converter

Counts are medians over the build's games: half of them build more, half fewer. The example game is Dread29's (31 OS, 06/09/2026); pick another.

Team trades

IN AT LEAST 30% OF ITS GAMES

You hand over

Nothing regular.

You get

  • Tidal Generator4 Tidal from Pondfirst at 0:11 · in 71% of games
  • Advanced Construction Bot1 T2 con bot from Tech or Geofirst at 8:26 · in 46% of games

How it plays out

Typical game of this build against the role’s standard build, running totals by minute

  • This build
  • Standard suicide front

Metal produced

010k20k
0:005:0010:0015:00

metal

Enemy metal destroyed

05k10k
0:005:0010:0015:00

metal

Own metal lost

05k10k
0:005:0010:0015:00

metal

110 games.

Show as table
ByMetal produced: This buildMetal produced: Standard suicide frontEnemy metal destroyed: This buildEnemy metal destroyed: Standard suicide frontOwn metal lost: This buildOwn metal lost: Standard suicide front
1:003112300000
2:0094488721000
3:0019222009272184130130
4:0029593110798645573501
5:00399341851509135712331000
6:00509653492180218320811712
7:00627765393768305133392597
8:00738677604606393944283502
9:00843990465296470050854376
10:009395104185796531458125163
11:0010717118946419585866855965
12:0012081136067110640776276686
13:0013781154077602687986347437
14:0014511172987984750589448212
15:0016570192698187810995828991
WHAT THE NUMBERS SAY

Won less often than the standard Suicide front build despite destroying more enemy metal.

  • + Destroys 10959 metal by 15:00 vs standard's 8295
  • + Mace committed by 2:03, far ahead of the 10% norm
  • − Own losses run higher, 11331 vs 9179 by 15:00
  • − Metal produced trails standard by 15:00, 18386 vs 20141
THE EXAMPLE YOU ARE READING

Dread29

31.5 OS · 06/09/2026

Open source match ↗

20 received units
326 metal received · 43530 energy received

Allied construction assistance is unknown. Timings are observations, not a promise of solo reproducibility.

Typical milestones

Bot Lab0:42Middle 50%: 0:27–0:58 · n=110
Advanced Metal Extractor10:25Middle 50%: 9:03–11:35 · n=67

Played most by

[crd]sisa49games of this buildChaoticNoob10games of this build[Fx]Doo8games of this buildHorlof5games of this buildXXMACGAMERXX4games of this build